 Dungeon Crawl Stone Soup version 0.20.0-8-g6b59dc7 (webtiles) character file.

130 SedStubbie the Sneak (level 5, 0/36 HPs)
             Began as an Octopode Monk on June 2, 2017.
             Slain by Grinder (10 damage)
             ... on level 3 of the Dungeon.
             The game lasted 00:03:41 (2005 turns).

SedStubbie the Sneak (Octopode Monk)                Turns: 2005, Time: 00:03:42

Health: 0/36       AC:  1    Str: 10    XL:     5   Next: 13%
Magic:  5/5        EV: 16    Int: 12    God:
Gold:   220        SH:  0    Dex: 16    Spells: 4/4 levels left

rFire    . . .     SeeInvis .   m - +0 falchion (slice)
rCold    . . .     Gourm    .   (no shield)
rNeg     . . .     Faith    .   (helmet restricted)
rPois    .         Spirit   .   (no amulet)
rElec    .         Reflect  .   (no ring)
rCorr    .         Harm     .   (no ring)
MR       .....                  (no ring)
Stlth    ++++......             (no ring)
Regen    0.2/turn               (no ring)
MPRegen  0.1/turn               (no ring)
                                (no ring)
                                (no ring)

@: no status effects
A: almost no armour, stealthy swim, amphibious, 8 rings, constrict 8, camouflage
1, gelatinous body 1
a: no special abilities


You were on level 3 of the Dungeon.
You were not hungry.

You visited 1 branch of the dungeon, and saw 3 of its levels.

You collected 220 gold pieces.

Inventory:

Hand Weapons
 a - a +0 short sword
 k - a +0 hunting sling
 m - a +0 falchion of slicing (weapon)
Missiles
 q - 28 stones (quivered)
Scrolls
 e - 3 scrolls of identify {unknown}
 f - a scroll of noise {unknown}
 h - a scroll of enchant weapon {unknown}
 l - 2 scrolls of remove curse {unknown}
 n - a scroll of immolation {unknown}
 o - a scroll of amnesia {unknown}
Potions
 g - 2 potions of might
 s - a potion of brilliance
Comestibles
 b - 2 bread rations
 r - 3 chunks of flesh


   Skills:
 - Level 3.0 Fighting
 - Level 3.0 Short Blades
 + Level 4.7 Dodging
 + Level 5.0 Stealth


You had 4 spell levels left.
You didn't know any spells.

Dungeon Overview and Level Annotations

Branches:
Dungeon (3/15)

Altars:
Makhleb

Annotations:
D:3 Grinder


Innate Abilities, Weirdness & Mutations

You cannot wear most types of armour.
You are very stealthy in the water. (Stealth+)
You are amphibious.
You can wear up to eight rings at the same time.
You can use your tentacles to constrict eight enemies at once.
Your skin changes colour to match your surroundings (Stealth+).
Your rubbery body absorbs attacks. (AC +1, EV +1)


Message History

You constrict Grinder.
Grinder blinks free!
Throwing (i - inventory):
q - 30 stones (quivered)
Press: ? - help, Shift-Dir - straight line, f/p - Grinder
Aim: Grinder (moderately wounded)
You throw a stone. The stone closely misses Grinder.
Throwing (i - inventory):
q - 29 stones (quivered)
Press: ? - help, Shift-Dir - straight line, f/p - Grinder
Aim: Grinder (moderately wounded)
You throw a stone. The stone closely misses Grinder.
Grinder gestures at you. Pain shoots through your body!
Grinder gestures at you. You resist with significant effort.
Grinder blinks!
You hit Grinder. Your grab misses Grinder.
Grinder is heavily wounded.
Grinder hits you.
* * * LOW HITPOINT WARNING * * *
Grinder hits you!
You die...

....#.....## ((#
####.......## ?.#
............# ...
####.......## #5# .#
##.....## #(# .#
##...######### #(#
#.÷..........# #.#
..###.#.########.########.#
........# #....@5.....§..#
..###.#.####.###.##########
..##<.....# #.# ##.
######## #.# #. #.# #. #.#
#.# ...


You could see Grinder.

Vanquished Creatures
  Terence (D:2)
  Natasha (D:3)
  3 adders
  2 oozes (D:2)
  A dart slug (D:1)
  2 leopard geckos
  A ball python (D:1)
  3 giant cockroaches
  5 goblins
  6 hobgoblins
  2 quokkas (D:2)
  5 bats
  A frilled lizard (D:1)
  3 kobolds
  5 rats
41 creatures vanquished.

Notes
Turn   | Place    | Note
-------+----------+-------------------------------------------
     0 | D:1      | SedStubbie the Octopode Monk began the quest for the Orb.
     0 | D:1      | Reached XP level 1. HP: 16/16 MP: 1/1
    58 | D:1      | Reached skill level 3 in Stealth
    86 | D:1      | Reached XP level 2. HP: 21/21 MP: 2/2
   680 | D:2      | Noticed Terence
   692 | D:2      | Killed Terence
   692 | D:2      | Reached skill level 4 in Stealth
   692 | D:2      | Reached XP level 3. HP: 12/26 MP: 3/3
  1010 | D:2      | Reached XP level 4. HP: 30/31 MP: 4/4
  1424 | D:2      | Found a burning altar of Makhleb.
  1424 | D:2      | Noticed a cacodemon
  1427 | D:2      | Noticed a neqoxec
  1427 | D:2      | Noticed a hellwing
  1953 | D:3      | Noticed Natasha
  1960 | D:3      | Killed Natasha
  1960 | D:3      | Reached skill level 5 in Stealth
  1960 | D:3      | Reached XP level 5. HP: 28/36 MP: 5/5
  1985 | D:3      | Noticed Grinder
  2005 | D:3      | Slain by Grinder

Skill      XL: |  1  2  3  4 |
---------------+-------------+-----
Stealth        | 3 4 5 |  5.0
Dodging        | 4 |  4.7
Fighting       | |  3.0
Short Blades   | |  3.0

Action                   |  1- 3 |  4- 6 || total
-------------------------+-------+-------++-------
Melee: Short sword       |    26 |       ||    26
       Constrict         |    10 |    12 ||    22
       Tentacles         |     5 |    10 ||    15
       Falchion          |     6 |    44 ||    50
Throw: Tomahawk          |     3 |     8 ||    11
       Stone             |       |     7 ||     7
  Use: Potion            |       |     6 ||     6
       Scroll            |       |     1 ||     1
 Stab: Sleeping          |     7 |     5 ||    12
       Distracted        |     1 |       ||     1
  Eat: Chunk             |       |     3 ||     3
Armor: Skin              |     2 |     1 ||     3
Dodge: Dodged            |    13 |    35 ||    48
       Rpst.: Falchion   |     1 |    11 ||    12
